 Dungeon Crawl Stone Soup version 0.31-a0-640-g39d97e502b (webtiles) character file.

Game seed: 14703846392584687077

9641 qw the Skirmisher (level 11, -1/71 HPs)
             Began as a Gargoyle Hunter on Aug 27, 2023.
             Was a Priest of Okawaru.
             Slain by a yak (4 damage)
             ... on level 2 of the Lair of Beasts.
             The game lasted 00:04:49 (10040 turns).

qw the Skirmisher (Gargoyle Hunter)                Turns: 10040, Time: 00:04:50

Health: -1/71      AC: 16    Str: 13 (15) XL:     11   Next: 49%
Magic:  14/14      EV: 13    Int: 10      God:    Okawaru [***...]
Gold:   166        SH:  0    Dex: 15 (17) Spells: 10/10 levels left

rFire   + . .        Y - +1 orcbow
rCold   . . .        (shield currently unavailable)
rNeg    + . .        u - +2 robe {Will+}
rPois   inf          b - +0 helmet
rElec   +            (no cloak)
rCorr   +            c - +0 pair of gloves
SInv    .            d - +0 pair of boots
Will    +....        (no amulet)
Stlth   ++           r - ring of protection from fire
HPRegen 0.31/turn    n - ring of resist corrosion
MPRegen 0.14/turn

%: no passive effects
@: no status effects
A: sickness immunity, AC +8, negative energy resistance 1, electricity
resistance, torment resistance 1, petrification resistance
a: Renounce Religion, Heroism


You were on level 2 of the Lair of Beasts.
You worshipped Okawaru.
Okawaru was most pleased with you.
You visited 3 branches of the dungeon, and saw 11 of its levels.
You also visited: Ossuary.

You collected 610 gold pieces.
You spent 444 gold pieces at shops.


Innate Abilities, Weirdness & Mutations

You are immune to sickness and miasma.
Your stone body is resilient. (AC +8)
You are immune to poison.
You resist negative energy. (rN+)
You are resistant to electric shocks. (rElec)
You are resistant to unholy torment.
You are immune to petrification.


   Skills:
 - Level 9.0 Fighting
 + Level 13.9 Ranged Weapons
 - Level 6.1 Armour
 - Level 4.1 Dodging
 - Level 1.1 Stealth
 - Level 4.0 Invocations


You had 10 spell levels left.
You didn't know any spells.
Your spell library was empty.

Inventory:

Hand Weapons
 Y - a +1 orcbow (weapon)
Armour
 b - a +0 helmet (worn)
 c - a +0 pair of gloves (worn)
 d - a +0 pair of boots (worn)
 i - a +0 cloak
 u - a +2 robe of willpower (worn)
Jewellery
 f - the ring "Hucs" {Wiz Drain Str+2 Int+3}
   (You found it on level 4 of the Dungeon)

   [ring of wizardry]

   Wiz:       It improves your spell success rate.
   Str+2:     It affects your strength (+2).
   Int+3:     It affects your intelligence (+3).
   Drain:     It drains your maximum health when unequipped.
 n - a ring of resist corrosion (right hand)
 r - a ring of protection from fire (left hand)
Scrolls
 k - a scroll of identify
Potions
 a - 5 potions of curing
 e - 2 potions of enlightenment
 g - 3 potions of resistance
 h - a potion of mutation
 q - a potion of cancellation
 s - a potion of might
 t - a potion of haste

Dungeon Overview and Level Annotations

Branches:
Dungeon (8/15)             Temple (1/1) D:6            Lair (2/5) D:8
Ossuary (visited)
  Swamp: Lair:2-3    Shoals: Lair:2-3     Snake: Lair:2-3    Spider: Lair:2-3

Altars:
Ashenzari
Cheibriados
Dithmenos
Fedhas
Gozag
Hepliaklqana
Kikubaaqudgha
Makhleb
Nemelex Xobeh
Okawaru
Qazlal
Ru
Sif Muna
Trog
Uskayaw
Vehumet
Wu Jian
Xom
Yredelemnul
Zin
The Shining One

Shops:
D:8 ?!*?=


Message History

Enter note:
10031 ||| Stepping ~*~*~tactically~*~*~ (retreating).
The yak gores you. The yak gores you but does no damage.
You see here a yak corpse.
10032 ||| Stepping ~*~*~tactically~*~*~ (retreating).
The yak gores you! The yak attacks as it pursues you!
The yak gores you but does no damage. The yak attacks as it pursues you!
The yak gores you.
10033 ||| READING scroll of teleportation.
As you read the scroll of teleportation, it crumbles to dust.
You feel strangely unstable. The yak misses you.
The yak gores you but does no damage.
10034 ||| Stepping ~*~*~tactically~*~*~ (retreating).
The yak gores you. The yak attacks as it pursues you!
The yak barely misses you.
10035 ||| Stepping ~*~*~tactically~*~*~ (retreating).
Enter note:
Enter note:
10036 ||| Stepping ~*~*~tactically~*~*~ (retreating).
The yak attacks as it pursues you! The yak gores you.
Enter note:
Enter note:
10037 ||| Stepping ~*~*~tactically~*~*~ (retreating).
Your surroundings seem slightly different.
The yak gores you but does no damage. x2
10038 ||| Stepping ~*~*~tactically~*~*~ (retreating).
The yak attacks as it pursues you! The yak gores you but does no damage.
The yak attacks as it pursues you! The yak misses you.
Enter note:
Enter note:
Enter note:
Enter note:
Enter note:
Enter note:
10039 ||| Stepping ~*~*~tactically~*~*~ (retreating).
You feel like a meek peon again. The yak gores you.
The yak attacks as it pursues you! The yak closely misses you.
10040 ||| Stepping ~*~*~tactically~*~*~ (retreating).
The yak gores you.
You die...

#.#..## ###...### #P...P
####..## #....# #..P.# #....##
#.#.# #....... ##.....## ##...#
#. ....#.#P
#.......####....###......###...
#P.#.....##.............. ....
######..#%##.......... .#.
##.....Y.......#
.........YYY@##.#.#
##..........#.......
###P...##......#...
###..##...#..P.
....###......... #.?..#
####.....^ ....## ..#... #....


You could see 4 yaks.

Vanquished Creatures
  Erica (D:8)
  2 catoblepae
  2 oklob plants (Lair:1)
  An elephant (Lair:1)
  4 cane toads
  A rime drake (Lair:2)
  Sigmund (D:5)
  A spriggan (Lair:1)
  9 yaks
  2 basilisks (Lair:1)
  Menkaure (D:4)
  3 water moccasins
  An orc warrior (D:8)
  2 sky beasts
  A black bear (Lair:2)
  An ogre (D:6)
  2 centaurs (D:8)
  5 wolves (Lair:1)
  A phantom (D:5)
  3 elf zombies (Ossuary)
  Blork the orc (D:4)
  4 bullfrogs
  4 scorpions
  5 killer bees (D:8)
  3 howler monkeys
  A quasit (D:6)
  A human zombie (Ossuary)
  3 hounds
  2 orc priests
  A gnoll bouda (D:8)
  3 iguanas
  2 sleepcaps
  Terence (D:2)
  Ijyb (D:5)
  A hell rat (Lair:1)
  A hound zombie (Ossuary)
  4 mummies (Ossuary)
  Robin (D:2)
  7 adders
  8 gnolls
  6 shadow imps
  6 white imps
  2 ufetubi
  4 adder zombies (Ossuary)
  11 orcs
  5 ball pythons
  7 endoplasms
  A giant cockroach (D:1)
  12 goblins
  8 hobgoblins
  4 jackals (D:1)
  3 quokkas
  16 bats
  4 frilled lizards
  A goblin zombie (Ossuary)
  10 kobolds
  An orc zombie (Ossuary)
  9 rats
  A rat zombie (Ossuary)
209 creatures vanquished.

Notes
Turn   | Place    | Note
-------+----------+-------------------------------------------
     0 | D:1      | qw the Gargoyle Hunter began the quest for the Orb.
     0 | D:1      | Reached XP level 1. HP: 12/12 MP: 1/1
     0 | D:1      | 0 ||| qw: Version: 0.3-a-74-g0d5e918
     0 | D:1      | 0 ||| qw: Game counter: 72
     0 | D:1      | 0 ||| qw: Melee chars always use a shield: true
     0 | D:1      | 0 ||| qw: God list: Okawaru
     0 | D:1      | 0 ||| qw: Allow faded altars: false
     0 | D:1      | 0 ||| qw: Do Orc after clearing Dungeon:15 true
     0 | D:1      | 0 ||| qw: Do second Lair branch before Depths: true
     0 | D:1      | 0 ||| qw: Lair rune preference: random
     0 | D:1      | 0 ||| qw: Goals: Normal
     0 | D:1      | 0 ||| PLANNING D:1-11
   123 | D:1      | Reached XP level 2. HP: 12/17 MP: 2/2
   647 | D:1      | Reached XP level 3. HP: 20/21 MP: 3/3
   804 | D:1      | Reached skill level 5 in Ranged Weapons
  1081 | D:1      | 1081 ||| READING scroll labelled EQYURYHUAF.
  1082 | D:1      | 1082 ||| READING scroll labelled WIWEAT NUUQOME.
  1083 | D:1      | 1083 ||| DROPPING scroll of butterflies.
  1180 | D:2      | Noticed Terence
  1193 | D:2      | Killed Terence
  1194 | D:2      | Reached skill level 3 in Fighting
  1194 | D:2      | Reached XP level 4. HP: 10/28 MP: 4/4
  1267 | D:2      | Found an ornate altar of the Wu Jian Council.
  1351 | D:2      | Noticed Robin
  1360 | D:2      | Killed Robin
  1618 | D:2      | 1618 ||| UPGRADING to +0 helmet.
  1623 | D:2      | 1623 ||| READING scroll labelled OLOUCA DI EVO.
  1624 | D:2      | 1624 ||| READING scroll labelled JEACRA EN RIXI.
  1651 | D:3      | Found a faded altar of an unknown god.
  1661 | D:3      | Reached XP level 5. HP: 30/32 MP: 5/5
  1879 | D:3      | 1879 ||| FLEEEEING.
  1905 | D:3      | Reached skill level 6 in Ranged Weapons
  1954 | D:3      | Found a faded altar of an unknown god.
  1961 | D:3      | Found a blossoming altar of Fedhas.
  2095 | D:3      | Reached skill level 1 in Armour
  2283 | D:3      | 2283 ||| READING 2 scrolls labelled OCVEACHOMO.
  2288 | D:3      | 2288 ||| READING scroll labelled AKICOD EMEYC.
  2341 | D:4      | 2341 ||| STAIRDANCE
  2345 | D:4      | 2345 ||| STAIRDANCE
  2349 | D:4      | 2349 ||| STAIRDANCE
  2353 | D:4      | 2353 ||| STAIRDANCE
  2357 | D:4      | 2357 ||| STAIRDANCE
  2361 | D:4      | 2361 ||| STAIRDANCE
  2365 | D:4      | 2365 ||| STAIRDANCE
  2369 | D:4      | 2369 ||| STAIRDANCE
  2373 | D:4      | 2373 ||| STAIRDANCE
  2377 | D:4      | 2377 ||| STAIRDANCE
  2381 | D:4      | 2381 ||| STAIRDANCE
  2385 | D:4      | 2385 ||| STAIRDANCE
  2389 | D:4      | 2389 ||| STAIRDANCE
  2393 | D:4      | 2393 ||| STAIRDANCE
  2397 | D:4      | 2397 ||| STAIRDANCE
  2401 | D:4      | 2401 ||| STAIRDANCE
  2405 | D:4      | 2405 ||| STAIRDANCE
  2409 | D:4      | 2409 ||| STAIRDANCE
  2413 | D:4      | 2413 ||| STAIRDANCE
  2417 | D:4      | 2417 ||| STAIRDANCE
  2581 | D:4      | Identified the ring "Hucs" {Wiz Drain Str+2 Int+3}
  2600 | D:4      | Found a hazy altar of Hepliaklqana.
  2690 | D:4      | 2690 ||| READING scroll of enchant weapon.
  2690 | D:4      | 2690 ||| ENCHANTING +1 shortbow of flaming.
  2813 | D:4      | 2813 ||| READING scroll of enchant weapon.
  2813 | D:4      | 2813 ||| ENCHANTING +2 shortbow of flaming.
  2939 | D:4      | Noticed Blork the orc
  2945 | D:4      | Killed Blork the orc
  2946 | D:4      | Reached XP level 6. HP: 37/39 MP: 6/6
  3232 | D:4      | 3232 ||| UPGRADING to +0 ring mail.
  3242 | D:4      | 3242 ||| DROPPING +0 leather armour.
  3243 | D:4      | 3243 ||| UPGRADING to ring "Hucs" {Wiz Drain Str+2 Int+3}.
  3244 | D:4      | 3244 ||| DRINKING 2 green potions.
  3245 | D:4      | 3245 ||| DRINKING 2 bubbling grey potions.
  3246 | D:4      | 3246 ||| READING 3 scrolls of identify.
  3246 | D:4      | 3246 ||| IDENTIFYING dark potion
  3247 | D:4      | 3247 ||| READING 2 scrolls of identify.
  3247 | D:4      | 3247 ||| IDENTIFYING grey potion
  3248 | D:4      | 3248 ||| DROPPING potion of ambrosia.
  3249 | D:4      | 3249 ||| DROPPING potion of magic.
  3250 | D:4      | 3250 ||| DROPPING potion of brilliance.
  3281 | D:5      | Entered Level 5 of the Dungeon
  3281 | D:5      | Noticed Menkaure
  3282 | D:5      | 3282 ||| STAIRDANCE
  3289 | D:4      | Killed Menkaure
  3368 | D:5      | Reached skill level 7 in Ranged Weapons
  3368 | D:5      | Reached XP level 7. HP: 44/44 MP: 7/7
  3382 | D:5      | Noticed Sigmund
  3391 | D:5      | 3391 ||| Stepping ~*~*~tactically~*~*~ (retreating).
  3392 | D:5      | 3392 ||| Stepping ~*~*~tactically~*~*~ (retreating).
  3393 | D:5      | 3393 ||| Stepping ~*~*~tactically~*~*~ (retreating).
  3394 | D:5      | 3394 ||| Stepping ~*~*~tactically~*~*~ (retreating).
  3395 | D:5      | 3395 ||| Stepping ~*~*~tactically~*~*~ (retreating).
  3396 | D:5      | 3396 ||| Stepping ~*~*~tactically~*~*~ (retreating).
  3397 | D:5      | 3397 ||| Stepping ~*~*~tactically~*~*~ (retreating).
  3398 | D:5      | 3398 ||| Stepping ~*~*~tactically~*~*~ (retreating).
  3402 | D:5      | Killed Sigmund
  3403 | D:5      | Reached skill level 8 in Ranged Weapons
  3404 | D:5      | HP: 4/44 [centaur/arrow (9)]
  3405 | D:5      | 3405 ||| READING 3 scrolls of teleportation.
  3466 | D:5      | HP: 8/44 [phantom (4)]
  3467 | D:5      | 3467 ||| READING 2 scrolls of teleportation.
  3468 | D:5      | 3468 ||| Stepping ~*~*~tactically~*~*~ (retreating).
  3469 | D:5      | 3469 ||| Stepping ~*~*~tactically~*~*~ (retreating).
  3470 | D:5      | 3470 ||| Stepping ~*~*~tactically~*~*~ (retreating).
  3471 | D:5      | 3471 ||| READING scroll of teleportation.
  3472 | D:5      | 3472 ||| Stepping ~*~*~tactically~*~*~ (retreating).
  3473 | D:5      | 3473 ||| Stepping ~*~*~tactically~*~*~ (retreating).
  3474 | D:5      | 3474 ||| Stepping ~*~*~tactically~*~*~ (retreating).
  3474 | D:5      | HP: 4/44 [phantom (1)]
  3475 | D:5      | 3475 ||| Stepping ~*~*~tactically~*~*~ (retreating).
  3625 | D:5      | Reached XP level 8. HP: 49/49 MP: 8/8
  3936 | D:5      | Noticed Ijyb
  3937 | D:5      | 3937 ||| FLEEEEING.
  3938 | D:5      | 3938 ||| FLEEEEING.
  3939 | D:5      | 3939 ||| FLEEEEING.
  3940 | D:5      | 3940 ||| FLEEEEING.
  3941 | D:5      | 3941 ||| FLEEEEING.
  3942 | D:5      | 3942 ||| FLEEEEING.
  3944 | D:5      | 3944 ||| STAIRDANCE
  3963 | D:4      | 3963 ||| UPGRADING to +0 pair of boots.
  3968 | D:4      | 3968 ||| UPGRADING to amulet of guardian spirit.
  3973 | D:4      | 3973 ||| READING scroll labelled OCKITU MYTAZIR.
  3988 | D:5      | Killed Ijyb
  4172 | D:6      | Found a staircase to the Ecumenical Temple.
  4173 | D:6      | 4173 ||| PLANNING TEMPLE
  4184 | Temple   | Entered the Ecumenical Temple
  4185 | Temple   | 4185 ||| PLANNING OKAWARU WORSHIP
  4202 | Temple   | Became a worshipper of Warmaster Okawaru
  4203 | Temple   | 4203 ||| PLANNING D:1-11
  4203 | Temple   | 4203 ||| REMOVING amulet of guardian spirit.
  4208 | Temple   | 4208 ||| DROPPING amulet of guardian spirit.
  4323 | D:6      | 4323 ||| FLEEEEING.
  4347 | D:6      | Reached skill level 9 in Ranged Weapons
  4366 | D:6      | Found an opulent altar of Gozag.
  4640 | D:6      | Reached skill level 6 in Fighting
  4896 | D:6      | 4896 ||| READING scroll labelled WESUUN ENIK.
  4997 | D:6      | 4997 ||| READING 3 scrolls of identify.
  4997 | D:6      | 4997 ||| IDENTIFYING sedimented pink potion
  4998 | D:6      | 4998 ||| READING 2 scrolls of identify.
  4998 | D:6      | 4998 ||| IDENTIFYING fuming black potion
  4999 | D:6      | 4999 ||| DROPPING potion of invisibility.
  5025 | D:7      | 5025 ||| PLANNING OSSUARY
  5083 | D:7      | Noticed a yak
  5084 | D:7      | Noticed a yak
  5084 | D:7      | Noticed a yak
  5101 | D:7      | Killed a yak
  5106 | D:7      | Killed a yak
  5106 | D:7      | Reached * piety under Okawaru
  5107 | D:7      | Reached skill level 10 in Ranged Weapons
  5107 | D:7      | 5107 ||| INVOKING Heroism.
  5112 | D:7      | Killed a yak
  5113 | D:7      | Reached skill level 3 in Armour
  5113 | D:7      | Reached skill level 1 in Invocations
  5113 | D:7      | Reached XP level 9. HP: 20/55 MP: 6/10
  5782 | D:7      | Found a sand-covered staircase.
  5783 | D:7      | 5783 ||| UPGRADING to +0 pair of gloves.
  5788 | D:7      | 5788 ||| UPGRADING to ring of resist corrosion.
  5789 | D:7      | 5789 ||| DROPPING ring of magical power.
  5790 | D:7      | 5790 ||| READING scroll labelled JAJOSA XACAI.
  5796 | Ossuary  | Entered an ossuary
  5797 | Ossuary  | 5797 ||| RETREATING.
  5810 | Ossuary  | 5810 ||| INVOKING Heroism.
  5820 | Ossuary  | Reached skill level 3 in Invocations
  5835 | Ossuary  | 5835 ||| INVOKING Heroism.
  5859 | Ossuary  | 5859 ||| INVOKING Heroism.
  6110 | Ossuary  | 6110 ||| UPGRADING to ring of protection from fire.
  6112 | Ossuary  | 6112 ||| READING scroll labelled GYRIUB ROYHAES.
  6113 | Ossuary  | 6113 ||| READING 3 scrolls labelled MUPEZOBBIE.
  6114 | Ossuary  | 6114 ||| READING 2 scrolls labelled AKHLIF GEBY.
  6115 | Ossuary  | 6115 ||| DRINKING 3 fizzy blue potions.
  6116 | Ossuary  | 6116 ||| DRINKING 2 bubbling clear potions.
  6117 | Ossuary  | 6117 ||| READING 2 scrolls of identify.
  6117 | Ossuary  | 6117 ||| IDENTIFYING fuming sapphire potion
  6118 | Ossuary  | 6118 ||| DROPPING 2 potions of attraction.
  6119 | Ossuary  | 6119 ||| DROPPING 2 scrolls of fear.
  6120 | Ossuary  | 6120 ||| DROPPING scroll of amnesia.
  6130 | D:7      | 6130 ||| PLANNING D:1-11
  6309 | D:8      | 6309 ||| INVOKING Heroism.
  6310 | D:8      | 6310 ||| STAIRDANCE
  6327 | D:8      | 6327 ||| STAIRDANCE
  6432 | D:8      | 6432 ||| INVOKING Heroism.
  6485 | D:8      | Found Xoaps's General Store.
  6490 | D:8      | Found Pofrop's Distillery.
  6492 | D:8      | 6492 ||| READING scroll of brand weapon.
  6492 | D:8      | 6492 ||| BRANDING +3 shortbow of flaming.
  6499 | D:8      | 6499 ||| SHOPLISTING potion of experience (750 gold, have
                  | 414).
  6499 | D:8      | 6499 ||| BUYING potion of resistance (150 gold).
  6499 | D:8      | Bought a potion of resistance for 150 gold pieces
  6499 | D:8      | 6499 ||| BUYING potion of resistance (150 gold).
  6499 | D:8      | Bought a potion of resistance for 150 gold pieces
  6505 | D:8      | 6505 ||| SHOPLISTING potion of cancellation (128 gold, have
                  | 114).
  6505 | D:8      | 6505 ||| BUYING potion of curing (48 gold).
  6505 | D:8      | Bought a potion of curing for 48 gold pieces
  6505 | D:8      | 6505 ||| BUYING potion of curing (48 gold).
  6505 | D:8      | Bought a potion of curing for 48 gold pieces
  6505 | D:8      | 6505 ||| SHOPLISTING potion of curing (48 gold, have 18).
  6505 | D:8      | 6505 ||| SHOPLISTING potion of enlightenment (80 gold, have
                  | 18).
  6505 | D:8      | 6505 ||| SHOPLISTING potion of heal wounds (80 gold, have
                  | 18).
  6546 | D:8      | 6546 ||| Stepping ~*~*~tactically~*~*~ (retreating).
  6547 | D:8      | 6547 ||| Stepping ~*~*~tactically~*~*~ (retreating).
  6548 | D:8      | 6548 ||| Stepping ~*~*~tactically~*~*~ (retreating).
  6549 | D:8      | 6549 ||| Stepping ~*~*~tactically~*~*~ (retreating).
  6550 | D:8      | 6550 ||| Stepping ~*~*~tactically~*~*~ (retreating).
  6551 | D:8      | 6551 ||| Stepping ~*~*~tactically~*~*~ (retreating).
  6551 | D:8      | Found a burning altar of Makhleb.
  6552 | D:8      | 6552 ||| Stepping ~*~*~tactically~*~*~ (retreating).
  6553 | D:8      | 6553 ||| Stepping ~*~*~tactically~*~*~ (retreating).
  6555 | D:8      | 6555 ||| INVOKING Heroism.
  6653 | D:8      | Found a staircase to the Lair.
  6657 | D:8      | Reached skill level 11 in Ranged Weapons
  6691 | D:8      | Identified the +3 double sword of Pestilence {elec, SInv}
  6692 | D:8      | 6692 ||| SWAPPING to +0 orcbow.
  6693 | D:8      | 6693 ||| DROPPING +3 heavy shortbow.
  6859 | D:8      | Found Mink's Jewellery Emporium.
  6865 | D:8      | 6865 ||| SHOPLISTING +6 ring of dexterity (396 gold, have
                  | 39).
  6865 | D:8      | 6865 ||| SHOPLISTING amulet of regeneration (330 gold, have
                  | 39).
  6865 | D:8      | 6865 ||| SHOPLISTING ring "Gink" {rF+ MP+9 Str+3 Int-5
                  | SInv} (480 gold, have 39).
  6865 | D:8      | 6865 ||| SHOPLISTING ring of positive energy (220 gold,
                  | have 39).
  6865 | D:8      | 6865 ||| SHOPLISTING ring of see invisible (165 gold, have
                  | 39).
  6872 | D:8      | Found Wobeon's Magic Scroll Shop.
  6877 | D:8      | 6877 ||| BUYING scroll of identify (24 gold).
  6877 | D:8      | Bought a scroll of identify for 24 gold pieces
  6877 | D:8      | 6877 ||| SHOPLISTING scroll of identify (24 gold, have 15).
  6877 | D:8      | 6877 ||| SHOPLISTING scroll of teleportation (36 gold, have
                  | 15).
  6893 | D:8      | 6893 ||| READING scroll of enchant weapon.
  6893 | D:8      | 6893 ||| ENCHANTING +0 orcbow.
  6918 | D:8      | 6918 ||| INVOKING Heroism.
  6947 | D:8      | Reached skill level 3 in Dodging
  7059 | D:8      | Noticed Erica
  7060 | D:8      | 7060 ||| INVOKING Heroism.
  7084 | D:8      | Killed Erica
  7084 | D:8      | Reached ** piety under Okawaru
  7085 | D:8      | Reached skill level 6 in Armour
  7085 | D:8      | Reached XP level 10. HP: 44/63 MP: 13/13
  7229 | D:8      | Found a glowing golden altar of the Shining One.
  7350 | D:8      | Found Kuakoats's Magic Scroll Emporium.
  7358 | D:8      | 7358 ||| BUYING scroll of identify (24 gold).
  7358 | D:8      | Bought a scroll of identify for 24 gold pieces
  7358 | D:8      | 7358 ||| SHOPLISTING scroll of teleportation (36 gold, have
                  | 23).
  7546 | D:8      | 7546 ||| PLANNING LAIR
  7546 | D:8      | 7546 ||| UPGRADING to +2 robe of willpower.
  7556 | D:8      | 7556 ||| DROPPING +0 ring mail.
  7557 | D:8      | 7557 ||| READING 2 scrolls labelled ELELUTWU UMELL.
  7558 | D:8      | 7558 ||| DRINKING 2 inky potions.
  7559 | D:8      | 7559 ||| READING 5 scrolls of identify.
  7559 | D:8      | 7559 ||| IDENTIFYING gluggy clear potion
  7560 | D:8      | 7560 ||| READING 4 scrolls of identify.
  7560 | D:8      | 7560 ||| IDENTIFYING silvery potion
  7561 | D:8      | 7561 ||| READING 3 scrolls of identify.
  7561 | D:8      | 7561 ||| IDENTIFYING smoky dark potion
  7562 | D:8      | 7562 ||| READING 2 scrolls of identify.
  7562 | D:8      | 7562 ||| IDENTIFYING fuming puce potion
  7563 | D:8      | 7563 ||| DROPPING scroll of noise.
  7564 | D:8      | 7564 ||| DROPPING potion of lignification.
  7597 | Lair:1   | Entered Level 1 of the Lair of Beasts
  7733 | Lair:1   | 7733 ||| RETREATING.
  7744 | Lair:1   | 7744 ||| Stepping ~*~*~tactically~*~*~ (retreating).
  7745 | Lair:1   | 7745 ||| Stepping ~*~*~tactically~*~*~ (retreating).
  7746 | Lair:1   | 7746 ||| Stepping ~*~*~tactically~*~*~ (retreating).
  7747 | Lair:1   | 7747 ||| Stepping ~*~*~tactically~*~*~ (retreating).
  7748 | Lair:1   | 7748 ||| Stepping ~*~*~tactically~*~*~ (retreating).
  7757 | Lair:1   | 7757 ||| INVOKING Heroism.
  7776 | Lair:1   | HP: 11/64 [wolf (7)]
  7777 | Lair:1   | 7777 ||| READING 4 scrolls of teleportation.
  7778 | Lair:1   | 7778 ||| DRINKING potion of heal wounds.
  7904 | Lair:1   | Noticed a cane toad
  7905 | Lair:1   | 7905 ||| INVOKING Heroism.
  7911 | Lair:1   | Killed a cane toad
  7971 | Lair:1   | 7971 ||| RETREATING.
  7988 | Lair:1   | 7988 ||| Stepping ~*~*~tactically~*~*~ (retreating).
  7989 | Lair:1   | 7989 ||| Stepping ~*~*~tactically~*~*~ (retreating).
  8001 | Lair:1   | Reached skill level 12 in Ranged Weapons
  8001 | Lair:1   | 8001 ||| INVOKING Heroism.
  8234 | Lair:1   | Noticed an oklob plant
  8235 | Lair:1   | 8235 ||| INVOKING Heroism.
  8246 | Lair:1   | 8246 ||| FLEEEEING.
  8302 | Lair:1   | Noticed a cane toad
  8303 | Lair:1   | 8303 ||| INVOKING Heroism.
  8312 | Lair:1   | Killed a cane toad
  8591 | Lair:1   | Noticed a catoblepas
  8592 | Lair:1   | 8592 ||| RETREATING.
  8593 | Lair:1   | 8593 ||| INVOKING Heroism.
  8595 | Lair:1   | 8595 ||| Stepping ~*~*~tactically~*~*~ (retreating).
  8600 | Lair:1   | 8600 ||| Stepping ~*~*~tactically~*~*~ (retreating).
  8601 | Lair:1   | 8601 ||| Stepping ~*~*~tactically~*~*~ (retreating).
  8602 | Lair:1   | 8602 ||| Stepping ~*~*~tactically~*~*~ (retreating).
  8603 | Lair:1   | 8603 ||| Stepping ~*~*~tactically~*~*~ (retreating).
  8603 | Lair:1   | HP: 6/64 [catoblepas (18)]
  8604 | Lair:1   | 8604 ||| READING 3 scrolls of teleportation.
  8607 | Lair:1   | HP: 1/64 [spriggan/+0 rapier (4)]
  8886 | Lair:1   | 8886 ||| INVOKING Heroism.
  9016 | Lair:1   | 9016 ||| FLEEEEING.
  9065 | Lair:1   | 9065 ||| INVOKING Heroism.
  9072 | Lair:1   | Killed an oklob plant
  9082 | Lair:1   | Noticed an oklob plant
  9088 | Lair:1   | 9088 ||| INVOKING Heroism.
  9090 | Lair:1   | Killed an oklob plant
  9091 | Lair:1   | Reached XP level 11. HP: 50/68 MP: 11/14
  9211 | Lair:1   | 9211 ||| INVOKING Heroism.
  9225 | Lair:1   | Killed a catoblepas
  9225 | Lair:1   | Reached *** piety under Okawaru
  9226 | Lair:1   | Reached skill level 13 in Ranged Weapons
  9315 | Lair:1   | 9315 ||| READING scroll labelled OPAT VOHEP.
  9316 | Lair:1   | 9316 ||| READING scroll labelled DOBBAE KUES.
  9317 | Lair:1   | 9317 ||| DRINKING 2 metallic green potions.
  9318 | Lair:1   | 9318 ||| DROPPING potion of degeneration.
  9347 | Lair:2   | Noticed a catoblepas
  9348 | Lair:2   | 9348 ||| INVOKING Heroism.
  9362 | Lair:2   | Killed a catoblepas
  9376 | Lair:2   | 9376 ||| STAIRDANCE
  9388 | Lair:1   | 9388 ||| INVOKING Heroism.
  9404 | Lair:1   | Reached skill level 9 in Fighting
  9521 | Lair:2   | 9521 ||| Stepping ~*~*~tactically~*~*~ (retreating).
  9522 | Lair:2   | 9522 ||| Stepping ~*~*~tactically~*~*~ (retreating).
  9523 | Lair:2   | 9523 ||| Stepping ~*~*~tactically~*~*~ (retreating).
  9524 | Lair:2   | 9524 ||| Stepping ~*~*~tactically~*~*~ (retreating).
  9525 | Lair:2   | 9525 ||| Stepping ~*~*~tactically~*~*~ (retreating).
  9526 | Lair:2   | 9526 ||| Stepping ~*~*~tactically~*~*~ (retreating).
  9527 | Lair:2   | 9527 ||| Stepping ~*~*~tactically~*~*~ (retreating).
  9528 | Lair:2   | 9528 ||| Stepping ~*~*~tactically~*~*~ (retreating).
  9529 | Lair:2   | 9529 ||| INVOKING Heroism.
  9539 | Lair:2   | HP: 17/71 [komodo dragon (19)]
  9540 | Lair:2   | 9540 ||| READING 2 scrolls of teleportation.
  9543 | Lair:2   | HP: 6/71 [komodo dragon (11)]
  9544 | Lair:2   | HP: 1/71 [elephant (6)]
  9545 | Lair:2   | 9545 ||| Stepping ~*~*~tactically~*~*~ (retreating).
  9608 | Lair:2   | 9608 ||| INVOKING Heroism.
  9786 | Lair:2   | 9786 ||| INVOKING Heroism.
  9819 | Lair:2   | 9819 ||| INVOKING Heroism.
  9846 | Lair:2   | 9846 ||| INVOKING Heroism.
 10000 | Lair:2   | 10000 ||| RETREATING.
 10024 | Lair:2   | 10024 ||| Stepping ~*~*~tactically~*~*~ (retreating).
 10025 | Lair:2   | 10025 ||| INVOKING Heroism.
 10031 | Lair:2   | 10031 ||| Stepping ~*~*~tactically~*~*~ (retreating).
 10032 | Lair:2   | 10032 ||| Stepping ~*~*~tactically~*~*~ (retreating).
 10032 | Lair:2   | HP: 13/71 [yak (5)]
 10033 | Lair:2   | 10033 ||| READING scroll of teleportation.
 10034 | Lair:2   | 10034 ||| Stepping ~*~*~tactically~*~*~ (retreating).
 10035 | Lair:2   | 10035 ||| Stepping ~*~*~tactically~*~*~ (retreating).
 10036 | Lair:2   | 10036 ||| Stepping ~*~*~tactically~*~*~ (retreating).
 10036 | Lair:2   | HP: 5/71 [yak (5)]
 10037 | Lair:2   | 10037 ||| Stepping ~*~*~tactically~*~*~ (retreating).
 10038 | Lair:2   | 10038 ||| Stepping ~*~*~tactically~*~*~ (retreating).
 10039 | Lair:2   | 10039 ||| Stepping ~*~*~tactically~*~*~ (retreating).
 10039 | Lair:2   | HP: 2/71 [yak (4)]
 10040 | Lair:2   | 10040 ||| Stepping ~*~*~tactically~*~*~ (retreating).
 10040 | Lair:2   | Slain by a yak

Levels and vault maps discovered:
D:1:      minmay_arrival_up_and_down, layout_basic, minmay_pentomino_q2
D:2:      layout_rooms, basic_altar, amethyst_killhole, uniq_robin, uniq_terence
D:3:      layout_basic, nicolae_overflow_ecumenical_swirl,
          shapermc_ecumenical_altar_venn
D:4:      layout_basic, mainiacjoe_overflow_24_doors, kennysheep_generic_room_7,
          uniq_blork_the_orc
D:5:      layout_basic, uniq_menkaure, uniq_ijyb, uniq_sigmund
D:6:      hellmonk_crumbling_castle, layout_loops_ring, kennysheep_mini,
          minmay_temple_entry_junction, serial_demonic, serial_demonic_g,
          serial_demonic_c, serial_demonic_d, serial_demonic_e
D:7:      layout_basic, enter_ossuary_2, nicolae_the_louvre
D:8:      minmay_angry_zag, layout_layer_cave, makhleb_grotto_becter,
          tso_metal_star, serial_shops, shop, nicolae_shop_rolling_square, shop,
          shop, nicolae_square_shop, uniq_erica
Temple:   nicolae_temple_superstar
Lair:1:   dpeg_oklob_gauntlet, layout_gridlike, minivault_25,
          grunt_forest_large_clearing_hut
Lair:2:   layout_misc_corridors, lemuel_fruit_fields

Skill      XL: |  1  2  3  4  5  6  7  8  9 10 11 |
---------------+----------------------------------+-----
Ranged Weapons | 5 6 7 8 10 11 12 13 | 13.9
Fighting       | 3 4 5 6 7 8 9 |  9.0
Armour         | 1 2 3 6 |  6.1
Dodging        | 2 3 4 |  4.1
Invocations    | 1 4 |  4.0
Stealth        | |  1.1

Action                     |  1- 3 |  4- 6 |  7- 9 | 10-12 || total
---------------------------+-------+-------+-------+-------++-------
   Fire: Shortbow          |   130 |   154 |   308 |       ||   592
         Orcbow            |       |       |    44 |   389 ||   433
 Invoke: Heroism           |       |       |     9 |    18 ||    27
    Use: Scroll            |     2 |     8 |    14 |    11 ||    35
         Potion            |       |     2 |     2 |     3 ||     7
 Armour: Leather armour    |    27 |    25 |       |       ||    52
         Ring mail         |       |     1 |   212 |     4 ||   217
         Robe              |       |       |       |    80 ||    80
  Dodge: Dodged            |    38 |    50 |   288 |   132 ||   508

Table legend:
 A = Non-vault XP
 B = Vault XP
 C = Vault XP percentage of total XP
 D = Non-vault monster count
 E = Vault monster count
 F = Vault count percentage of total count
                 A         B        C        D         E       F
            +---------+---------+-------+---------+---------+-------
      Total |    9312 |    4462 |  32.4 |     157 |      52 |  24.9
            +---------+---------+-------+---------+---------+-------
        D:1 |      54 |       0 |   0.0 |      35 |       0 |   0.0
        D:2 |      31 |      70 |  69.3 |      18 |      13 |  41.9
        D:3 |     118 |       0 |   0.0 |      20 |       0 |   0.0
        D:4 |      23 |     319 |  93.3 |       4 |       5 |  55.6
        D:5 |     539 |     274 |  33.7 |      15 |       2 |  11.8
        D:6 |     306 |      99 |  24.4 |       7 |       6 |  46.2
        D:7 |    1116 |       0 |   0.0 |      12 |       0 |   0.0
        D:8 |     971 |    1026 |  51.4 |      20 |       5 |  20.0
     Lair:1 |    3338 |    2215 |  39.9 |      17 |       5 |  22.7
     Lair:2 |    2816 |       0 |   0.0 |       9 |       0 |   0.0
    Ossuary |       0 |     459 | 100.0 |       0 |      16 | 100.0
            +---------+---------+-------+---------+---------+-------
